 Dungeon Crawl Stone Soup version 0.30-a0-948-g4fa250aae5 (webtiles) character file.

Game seed: 12840330252494636047

27 jimonade the Trooper (level 3, -3/27 (33) HPs)
             Began as a Hill Orc Fighter on Mar 27, 2023.
             Slain by Terence
             ... wielding a +2 mace of draining
              (6 damage)
             ... on level 2 of the Dungeon.
             The game lasted 00:01:13 (1113 turns).

jimonade the Trooper (Hill Orc Fighter)             Turns: 1113, Time: 00:01:13

HP:   -3/27 (33)    AC:  7    Str: 18    XL:     3   Next: 10%
MP:   4/4           EV:  9    Int: 10    God:
Gold: 74            SH:  4    Dex: 10    Spells: 2/2 levels left

rFire   . . .      SeeInvis .    a - +0 war axe
rCold   . . .      Faith    .    c - +0 buckler
rNeg    . . .      Spirit   .    b - +0 scale mail
rPois   .          Reflect  .    (no helmet)
rElec   .          Rampage  .    (no cloak)
rCorr   .                        (no gloves)
Will    .....                    (no boots) Stlth
                                 (no amulet)
HPRegen 0.24/turn                (no ring)
MPRegen 0.09/turn                (no ring)

@: heavily drained
A: no striking features
a: no special abilities


You were on level 2 of the Dungeon.
You visited 1 branch of the dungeon, and saw 2 of its levels.

You collected 74 gold pieces.

Inventory:

Hand Weapons
 a - a +0 war axe (weapon)
Armour
 b - a +0 scale mail (worn)
 c - a +0 buckler (worn)
Scrolls
 f - a scroll of identify {unknown}
 g - a scroll of noise {unknown}
 h - a scroll of amnesia {unknown}
Potions
 d - a potion of might
 e - 2 potions of curing {unknown}
 i - a potion of haste {unknown}
 j - a potion of flight {unknown}
 k - a potion of degeneration {unknown}


   Skills:
 + Level 3.9 Fighting
 + Level 3.0 Axes
 + Level 3.7 Armour
 + Level 3.5 Shields
 * Level 1.6 Invocations


You had 2 spell levels left.
You didn't know any spells.
Your spell library was empty.

Dungeon Overview and Level Annotations

Branches:
Dungeon (2/15)

Altars:

Annotations:
D:2 Terence


Message History

Terence hits you with a +2 mace of draining!
You feel drained.
Terence hits you with a +2 mace of draining.
You feel drained.
You are too injured to fight recklessly!
You are too injured to fight recklessly!
You are too injured to fight recklessly!
You are too injured to fight recklessly!
You are too injured to fight recklessly!
You hit Terence but do no damage.
Terence is moderately wounded.
Terence says, "Did you write a will?
You should..."
You block Terence's attack.
You hit Terence.
Terence is heavily wounded.
Terence says, "Did you write a will?
You should..."
You block Terence's attack.
Terence hits you with a +2 mace of draining!
* * * LOW HITPOINT WARNING * * *
You feel drained.
You hit Terence but do no damage.
Terence is heavily wounded.
Terence closely misses you.
You hit Terence.
Terence is severely wounded.
Terence closely misses you.
You barely miss Terence.
Terence is severely wounded.
Terence hits you with a +2 mace of draining.
* * * LOW HITPOINT WARNING * * *
You feel drained.
* * * LOW HITPOINT WARNING * * *
Terence barely misses you.
You hit Terence but do no damage.
Terence is severely wounded.
Terence hits you but does no damage.
You feel drained.
You closely miss Terence.
Terence is severely wounded.
Terence hits you with a +2 mace of draining.
You die...

#.#........##.....#.##
####.#.#########.....#..#
#....#.# #.....##..
#.####.# #########.
#.####.######### ##
#....#.#........
####.#.#........
#.#.+....$...
#.###@@......
#...'........
#####........ #........
#########


You could see Terence.

Vanquished Creatures
  A worm (D:2)
  3 endoplasms
  3 goblins (D:1)
  3 hobgoblins
  2 jackals (D:1)
  A kobold (D:1)
  A quokka (D:1)
  4 ball pythons (D:1)
  2 rats
20 creatures vanquished.

Notes
Turn   | Place    | Note
-------+----------+-------------------------------------------
     0 | D:1      | jimonade the Hill Orc Fighter began the quest for the Orb.
     0 | D:1      | Reached XP level 1. HP: 19/19 MP: 1/1
   307 | D:1      | Reached skill level 1 in Invocations
   307 | D:1      | Reached XP level 2. HP: 26/27 MP: 2/2
   954 | D:2      | Reached XP level 3. HP: 26/33 MP: 4/4
  1102 | D:2      | Noticed Terence
  1113 | D:2      | Slain by Terence

Illustrated notes

Levels and vault maps discovered:
D:1:      minmay_arrival_hallway, layout_loops_corners, chequers_mini_garden,
          minmay_cupped
D:2:      layout_basic, minmay_misc_feat_chi, kennysheep_generic_room_2,
          uniq_terence, uniq_jessica

Skill      XL: |  1  2 |
---------------+-------+-----
Invocations    | 1 |  1.6
Axes           | 3 |  3.0
Fighting       | |  3.9
Armour         | |  3.7
Shields        | |  3.5

Action                     || total
---------------------------++-------
  Melee: War axe           ||    62
 Armour: Scale mail        ||    16
  Dodge: Dodged            ||    24
  Block: Buckler           ||    10

Table legend: (Time is in decaauts)
 A = Elapsed time spent in this place.
 B = Non-inter-level travel time spent in this place.
 C = Inter-level travel time spent in this place.
 D = Time resting spent in this place.
 E = Time spent auto-exploring this place.
 F = Levels seen in this place.
 G = Mean time per level.
                   A        B        C        D        E       F      G
               +--------+--------+--------+--------+--------+-----+--------+
         Total |   1136 |   1131 |      5 |      0 |    965 |   2 |  568.0 |
       Dungeon |   1136 |   1131 |      5 |      0 |    965 |   2 |  568.0 |
               +--------+--------+--------+--------+--------+-----+--------+

Top non-repeatable levels by time:
     D:1: 798 daAuts
     D:2: 338 daAuts
